 Dungeon Crawl Stone Soup version 0.27-a0-909-g0721f309d1 (webtiles) character file.

Game seed: 1444114256986260998

1 Alarkh the Insei (level 1, -1/16 HPs)
             Began as a Demonspawn Gladiator on Apr 8, 2021.
             Slain by a quokka (5 damage)
             ... on level 1 of the Dungeon.
             The game lasted 00:00:37 (53 turns).

Alarkh the Insei (Demonspawn Gladiator)               Turns: 53, Time: 00:00:37

Health: -1/16      AC:  4    Str: 14    XL:     1   Next: 16%
Magic:  1/1        EV: 12    Int:  9    God:
Gold:   0          SH:  0    Dex: 14    Spells: 0/0 levels left

rFire    . . .     SeeInvis .     - Unarmed
rCold    . . .     Faith    .   (no shield)
rNeg     . . .     Spirit   .   a - +0 leather armour
rPois    .         Reflect  .   b - +0 helmet
rElec    .         Harm     .   (no cloak)
rCorr    .         Rampage  .   (no gloves)
Will     .....                  (no boots)
Stlth    +.........             (no amulet)
HPRegen  0.05/turn              (no ring)
MPRegen  0.07/turn              (no ring)

@: no status effects
A: no striking features
a: no special abilities


You were on level 1 of the Dungeon.
You visited 1 branch of the dungeon, and saw 1 of its levels.

Inventory:

Missiles
 c - 3 throwing nets (quivered)
Armour
 a - a +0 leather armour (worn)
 b - a +0 helmet (worn)


   Skills:
 + Level 2.0 Fighting
 - Level 1.7 Throwing
 - Level 2.6 Dodging
 * Level 2.7 Unarmed Combat


You couldn't memorise any spells.
You didn't know any spells.
Your spell library was empty.

Dungeon Overview and Level Annotations

Branches:
Dungeon (1/15)

Altars:


Message History

No target in view!
No target in view!
You see here a quokka corpse.
You see here a quokka corpse.
There is a stone staircase leading down here.
An endoplasm comes into view.
An endoplasm is nearby!
An endoplasm is nearby!
A quokka comes into view.
The endoplasm quivers.
The endoplasm freezes you.
You are frozen.
You barely miss the endoplasm. The endoplasm hits you.
You hit the quokka.
The quokka is lightly wounded.
The quokka closely misses you. The endoplasm freezes you.
You are frozen.
You are too injured to fight recklessly!
You are too injured to fight recklessly!
You are too injured to fight recklessly!
You are too injured to fight recklessly!
You are too injured to fight recklessly!
You are too injured to fight recklessly!
You are too injured to fight recklessly!
You are too injured to fight recklessly!
You are too injured to fight recklessly!
You are too injured to fight recklessly!
You are too injured to fight recklessly!
There are monsters nearby!
There are monsters nearby!
There are monsters nearby!
The endoplasm freezes you.
You are frozen.
* * * LOW HITPOINT WARNING * * *
The quokka barely misses you.
You closely miss the quokka.
The quokka is lightly wounded.
The quokka bites you.
You die...

#.# #.. #.# #.# .#
#.####.##..#
#####..........#
#..........# #.########.#
#>########J# #....†...#r#
#.######.#@# #.# #.#.#
#.# #.#.# ######.###
#.#.#
#........###############
##...........##≈.≈≈≈≈≈≈≈
#....#....(.......≈≈≈≈≈
....#..#...≈≈≈≈......≈.≈≈
..#.#.....≈≈..≈≈≈≈≈....≈≈


You could see an endoplasm and a quokka.

Vanquished Creatures
  A quokka (D:1)
1 creature vanquished.

Notes
Turn   | Place    | Note
-------+----------+-------------------------------------------
     0 | D:1      | Alarkh the Demonspawn Gladiator began the quest for the
                  | Orb.
     0 | D:1      | Reached XP level 1. HP: 16/16 MP: 1/1
    53 | D:1      | Slain by a quokka

Illustrated notes

Levels and vault maps discovered:
D:1:      dpeg_arrival_more_subterranean_lakeside_camping, layout_loops_ring,
          minmay_misc_feat_plants, lemuel_old_faithful

Action                   || total
-------------------------++-------
Melee: Unarmed           ||     9
Armor: Leather armour    ||     1
Dodge: Dodged            ||     7

Table legend: (Time is in decaauts)
 A = Elapsed time spent in this place.
 B = Non-inter-level travel time spent in this place.
 C = Inter-level travel time spent in this place.
 D = Time resting spent in this place.
 E = Time spent auto-exploring this place.
 F = Levels seen in this place.
 G = Mean time per level.
                   A        B        C        D        E       F      G
               +--------+--------+--------+--------+--------+-----+--------+
         Total |     52 |     52 |      0 |      0 |     32 |   1 |   52.0 |
       Dungeon |     52 |     52 |      0 |      0 |     32 |   1 |   52.0 |
               +--------+--------+--------+--------+--------+-----+--------+

Top non-repeatable levels by time:
     D:1: 52 daAuts
